 Dungeon Sprint DCSS version 0.30-a0-918-g0ff054e9dc (webtiles) character file.

Game seed: 3104415972411415624

95 testman the Covered (level 4, 0/44 HPs)
             Began as an Armataur Fighter on Mar 20, 2023.
             Was an Initiate of Makhleb.
             Slain by a +4 short sword of venom (12 damage)
             ... in the Dungeon (Sprint V: "Ziggurat Sprint").
             The game lasted 00:04:26 (150 turns).

testman the Covered (Armataur Fighter)               Turns: 150, Time: 00:04:26

Health: 0/44       AC: 26    Str: 33    XL:     4   Next: 40%
Magic:  0/7        EV:  0    Int:  8    God:    Makhleb [......]
Gold:   0          SH: 28    Dex: 15    Spells: 3/3 levels left

rFire   . . .      SeeInvis +    C - +16 obsidian axe {drain, demonic, Mesm Drain Fly SInv}
rCold   . . .      Faith    .    D - +18 shield of the Gong {Loud rN+ Will+ rCorr EV-5}
rNeg    + . .      Spirit   .    E - +15 Maxwell's patent armour {-Cast -Tele rElec Will+ rCorr}
rPois   .          Reflect  .    (no helmet)
rElec   +          Roll     +    (no cloak)
rCorr   +          NoTele   +    (no gloves)
Will    +++..      NoCast   +    (no barding) Stlth
                                 (no amulet)
HPRegen 0.27/turn                x - +6 ring of strength
MPRegen 0.10/turn                a - ring of Faiffuhe {Will+ Str+3 Dex+6 SInv}

@: lethally poisoned (0 -> -7), flying, mesmerised
A: large, rugged brown scales 3, deformed body, armoured tail, roll, long
tongue, awkward tongue
a: Renounce Religion


You were in the Dungeon.
You worshipped Makhleb.
Makhleb was noncommittal.
You visited 1 branch

Inventory:

Hand Weapons
 C - the +16 obsidian axe (weapon) {drain, demonic, Mesm Drain Fly SInv}
   (You found it in the Dungeon)

   Mesm:      Its wielder is mesmerised by any visible foes, and it cannot be
   unequipped while any foes are visible.
   SInv:      It lets you see invisible.
   Fly:       It grants you flight.
   Drain:     It drains your maximum health when unequipped.
 G - a +5 executioner's axe
Armour
 D - the +18 shield of the Gong (worn) {Loud rN+ Will+ rCorr EV-5}
   (You found it in the Dungeon)

   Loud:      It is deafeningly noisy when blocking attacks.
   EV:        It affects your evasion (-5).
   rN:        It protects you from negative energy.
   rCorr:     It protects you from acid and corrosion.
   Will:      It increases your willpower.
 E - the +15 Maxwell's patent armour (worn) {-Cast -Tele rElec Will+ rCorr}
   (You found it in the Dungeon)

   rElec:     It insulates you from electricity.
   -Cast:     It prevents spellcasting.
   -Tele:     It prevents most forms of teleportation.
   rCorr:     It protects you from acid and corrosion.
   Will:      It increases your willpower.
 F - +5 gold dragon scales
Jewellery
 a - the ring of Faiffuhe (right hand) {Will+ Str+3 Dex+6 SInv}
   (You found it in the Dungeon)

   [ring of dexterity]

   Str:       It affects your strength (+3).
   Dex:       It affects your dexterity (+6).
   SInv:      It lets you see invisible.
   Will:      It increases your willpower.
 s - a ring of flight
 t - a +6 ring of dexterity
 u - a +6 ring of dexterity
 v - a +6 ring of intelligence
 w - a +6 ring of intelligence
 x - a +6 ring of strength (left hand)
 y - a +6 ring of strength
Wands
 z - a wand of mindburst (7)
 A - a wand of light (7)
Scrolls
 j - 4 scrolls of blinking
 o - 4 scrolls of amnesia
 p - 7 scrolls of fog
 q - 5 scrolls of identify
 r - 2 scrolls of fear
Potions
 d - 6 potions of might
 e - 8 potions of curing
 f - 10 potions of heal wounds
 g - 6 potions of haste
 h - 7 potions of magic
 i - 3 potions of berserk rage
 k - 2 potions of brilliance
 l - 2 potions of invisibility
 m - 4 potions of resistance
Miscellaneous
 B - a lightning rod (4/4)


   Skills:
 + Level 5.2 Fighting
 + Level 4.3 Axes
 + Level 6.9 Armour
 + Level 6.3 Shields
 + Level 4.7 Invocations


You had 3 spell levels left.
You didn't know any spells.
Your spell library contained the following spells:

 Spells                   Type           Power      Damage    Failure   Level
 Animate Dead             Necr           0%         N/A       100%        4
 Haunt                    Necr/Summ      0%         N/A       100%        7
 Infestation              Necr           0%         N/A       100%        8


Dungeon Overview and Level Annotations

Branches:
Dungeon (1/1)

Altars:
Ashenzari
Cheibriados
Dithmenos
Elyvilon
Fedhas
Gozag
Hepliaklqana
Kikubaaqudgha
Makhleb
Nemelex Xobeh
Okawaru
Qazlal
Ru
Sif Muna
Trog
Uskayaw
Vehumet
Wu Jian
Xom
Yredelemnul
Zin
The Shining One
Jiyva
Lugonu

Annotations:
D 1 transporter


Innate Abilities, Weirdness & Mutations

You are completely covered in rugged brown scales. (AC +3, +7% HP)
Armour fits poorly on your strangely shaped body.
You have a long armoured tail.
You roll when moving toward enemies. (Rampage)
Your long tongue fully drains potion bottles. (2x potion effects)
Your tongue gives you trouble enunciating. (1.5x scroll delay)


Message History

The +4 short sword of venom hits you but does no damage.
You are more poisoned.
You hit the +3 antimagic long sword.
The +3 antimagic long sword is almost destroyed.
You slash the deep elf archer! You drain the deep elf archer!
You miss the +4 short sword of venom.
You feel very sick.
You block the +3 antimagic long sword's attack.
SHROANNG!
You block the +4 short sword of venom's attack.
PANG!
The deep elf archer hits you with a +0 short sword!
The +3 antimagic long sword hits you. The +4 short sword of venom hits you!
You are lethally poisoned!
You feel better.
You slurp down every last drop of the potion of curing!
Visions of slaying the +3 antimagic long sword flood into your mind.
You block the +4 short sword of venom's attack.
GONNNNG!
The +3 antimagic long sword hits you but does no damage.
The deep elf archer hits you but does no damage.
You block the +4 short sword of venom's attack.
PTOANNNG!
You block the +3 antimagic long sword's attack.
GONNNNG!
You barely miss the +3 antimagic long sword.
The +3 antimagic long sword is almost destroyed.
You closely miss the +4 short sword of venom.
You barely miss the deep elf archer.
The +4 short sword of venom hits you but does no damage.
You are poisoned.
The +3 antimagic long sword hits you!
You feel your power leaking away.
You block the +4 short sword of venom's attack.
BONNNG!
The deep elf archer hits you but does no damage.
The +3 antimagic long sword hits you!
* * * LOW HITPOINT WARNING * * *
The +4 short sword of venom hits you!
You die...

▓▓▓▓▓▓▓▓▓▓▓▓▓
▓.8©8.▓.8©8.▓
▓.|)?.▓.....▓
▓.....▓.....▓
▓.e((.▓.....▓
▓..@..▓.....▓
▓.....▓..©..▓
▓..©..▓▓▓▓▓▓▓
▓▓▓▓▓▓▓


You could see a deep elf archer (repels missiles, drained) and 2 dancing
weapons.

Vanquished Creatures
  A crimson imp (D)
  A quasit (D)
2 creatures vanquished.

Notes
Turn   | Place    | Note
-------+----------+-------------------------------------------
     0 | D        | testman the Armataur Fighter began the quest for the Orb.
     0 | D        | Reached XP level 1. HP: 19/19 MP: 1/1
     0 | D        | Found a shimmering blue altar of Sif Muna.
     0 | D        | Found a sacrificial altar of Ru.
     0 | D        | Found a bloodstained altar of Trog.
     0 | D        | Found a stormy altar of Qazlal.
     0 | D        | Found an iron altar of Okawaru.
     0 | D        | Found a sparkling altar of Nemelex Xobeh.
     0 | D        | Found a blossoming altar of Fedhas.
     0 | D        | Found the +6 Majin-Bo {spellvamp, MP+6 Int+6}
     0 | D        | Found the +27 heavy crossbow "Sniper" {heavy, Acc+∞ SInv}
     0 | D        | Found the +10 dark maul {heavy}
     0 | D        | Found the +15 Maxwell's patent armour {-Cast -Tele rElec
                  | Will+ rCorr}
     0 | D        | Found the +18 shield of the Gong {Loud rN+ Will+ rCorr
                  | EV-5}
     0 | D        | Found the +16 obsidian axe {drain, demonic, Mesm Drain Fly
                  | SInv}
     0 | D        | Found the +7 great mace "Firestarter" {flame, inner flame,
                  | rFlCloud rF++}
     0 | D        | Found the +6 shillelagh "Devastator" {shatter}
     0 | D        | Found the +11 plutonium sword {Contam Stlth-}
     0 | D        | Found the +8 lance "Wyrmbane" {slay drac, rPois rF+ rC+
                  | AC+3}
     0 | D        | Found the +9 sword of Zonguldrok {reap}
     0 | D        | Found the +13 scythe of Curses {drain, curses, Drain}
     0 | D        | Found the +9 sword of Power {lifebolt}
     0 | D        | Found the +7 mace of Variability {chaos, chain chaos}
     0 | D        | Found the +11 Singing Sword {sonic wave}
     0 | D        | Found the +8 storm bow {elec, penet}
     2 | D        | Found a transporter.
     2 | D        | Found an ancient bone altar of Kikubaaqudgha.
     2 | D        | Found a viscous altar of Jiyva.
     2 | D        | Found a corrupted altar of Lugonu.
     2 | D        | Found a hazy altar of Hepliaklqana.
     2 | D        | Found a burning altar of Makhleb.
     2 | D        | Found an opulent altar of Gozag.
    65 | D        | Became a worshipper of Makhleb the Destroyer
    73 | D        | Reached skill level 5 in Shields
    73 | D        | Reached XP level 2. HP: 29/29 MP: 1/4
    73 | D        | Reached XP level 3. HP: 36/36 MP: 1/5
    78 | D        | Entered arena 2.
    78 | D        | Found a transporter.
    84 | D        | Reached skill level 5 in Fighting
    84 | D        | Reached XP level 4. HP: 44/44 MP: 2/7
   137 | D        | Got the ring of Faiffuhe {Will+ Str+3 Dex+6 SInv}
   142 | D        | Entered arena 3.
   142 | D        | Noticed a +3 antimagic long sword
   142 | D        | Noticed a deep elf archer
   142 | D        | Noticed a +4 short sword of venom
   142 | D        | Found a transporter.
   150 | D        | Slain by a +4 short sword of venom

Illustrated notes

Levels and vault maps discovered:
D:        sprint_v [room_start, room_1, room_2, room_3, room_4, room_5, room_6,
          room_7, room_8, room_9, room_10, room_11, room_12, room_13, room_14,
          room_15, room_16, room_17, room_18, room_19, room_20, room_21,
          room_22, room_23, room_24, room_25, room_26, room_27]

Skill      XL: |  1  2  3 |
---------------+----------+-----
Fighting       | 4 5 |  5.2
Axes           | 3 4 |  4.3
Armour         | 6 |  6.9
Shields        | 5 6 |  6.3
Invocations    | 3 4 |  4.7

Action                     |  1- 3 |  4- 6 || total
---------------------------+-------+-------++-------
  Melee: Broad axe         |     5 |     5 ||    10
    Use: Potion            |     1 |     2 ||     3
 Armour: Plate armour      |    14 |    12 ||    26
  Dodge: Dodged            |     1 |       ||     1
  Block: Kite shield       |    14 |    21 ||    35

Table legend: (Time is in decaauts)
 A = Elapsed time spent in this place.
 B = Non-inter-level travel time spent in this place.
 C = Inter-level travel time spent in this place.
 D = Time resting spent in this place.
 E = Time spent auto-exploring this place.
 F = Levels seen in this place.
 G = Mean time per level.
                   A        B        C        D        E       F      G
               +--------+--------+--------+--------+--------+-----+--------+
         Total |    151 |    122 |     29 |      0 |     57 |   1 |  151.0 |
       Dungeon |    151 |    122 |     29 |      0 |     57 |   1 |  151.0 |
               +--------+--------+--------+--------+--------+-----+--------+

Top non-repeatable levels by time:
       D: 151 daAuts
